 Dungeon Crawl Stone Soup version 0.32-a0-17-gb74e046682 (webtiles) character file.

Game seed: 293423430072772855

26 BigPumpCobain the Shield-Bearer (level 3, -1/23 HPs)
             Began as a Gargoyle Fighter on Jan 16, 2024.
             Slain by a goblin
             ... wielding a +0 dagger
             ... led by Robin
              (3 damage)
             ... on level 2 of the Dungeon.
             The game lasted 00:01:10 (595 turns).

BigPumpCobain the Shield-Bearer (Gargoyle Fighter)   Turns: 595, Time: 00:01:10

Health: -1/23      AC: 10    Str: 21    XL:     3   Next: 8%
Magic:  3/3        EV:  9    Int:  8    God:
Gold:   52         SH:  4    Dex:  9    Spells: 2/2 levels left

rFire   . . .        a - +0 flail
rCold   . . .        c - +0 buckler
rNeg    + . .        b - +0 scale mail
rPois   ∞            (no helmet)
rElec   +            (no cloak)
rCorr   .            (no gloves)
SInv    .            (no boots)
Will    .....        (no amulet) Stlth
                     (no ring)
HPRegen 0.23/turn    (no ring)
MPRegen 0.08/turn

%: no passive effects
@: no status effects
A: sickness immunity, AC +3, negative energy resistance 1, electricity
resistance, torment resistance 1, petrification resistance
a: no special abilities


You were on level 2 of the Dungeon.
You visited 1 branch of the dungeon, and saw 2 of its levels.

You collected 52 gold pieces.

Inventory:

Hand Weapons
 a - a +0 flail (weapon)
Armour
 b - a +0 scale mail (worn)
 c - a +0 buckler (worn)
Scrolls
 f - 2 scrolls of enchant armour {unknown}
 g - 2 scrolls of amnesia {unknown}
 h - 2 scrolls of noise {unknown}
 i - a scroll of fog {unknown}
Potions
 d - a potion of might
 e - a potion of lignification {unknown}


   Skills:
 + Level 3.4 Fighting
 * Level 2.5 Maces & Flails
 + Level 3.5 Armour
 + Level 3.5 Shields
 + Level 1.1 Invocations


You had 2 spell levels left.
You didn't know any spells.
Your spell library contained the following spells:

 Spells                   Type           Power      Damage    Failure   Level
 Ensorcelled Hibernation  Hex/Ice        0%         N/A       91%         2
 Lesser Beckoning         Tloc           0%         N/A       91%         2
 Fugue of the Fallen      Necr           0%         N/A       99%         3
 Gell's Gravitas          Tloc           0%         N/A       99%         3
 Teleport Other           Tloc           0%         N/A       99%         3
 Anguish                  Hex/Necr       0%         N/A       100%        4
 Ignite Poison            Fire/Alch      0%         N/A       100%        4
 Freezing Cloud           Conj/Ice/Air   0%         6-21      100%        5
 Cigotuvi's Dreadful Rot  Necr/Alch/Air  Unusable   N/A       N/A         2

Dungeon Overview and Level Annotations

Branches:
Dungeon (2/15)

Altars:

Annotations:
D:2 Robin


Innate Abilities, Weirdness & Mutations

You are immune to sickness and miasma.
Your stone body is resilient. (AC +3)
You are immune to poison.
You resist negative energy. (rN+)
You are resistant to electric shocks. (rElec)
You are resistant to unholy torment.
You are immune to petrification.


Message History

You hit the goblin.
You kill the goblin!
Robin roars a battlecry!
The goblins go into a battle-frenzy!
An adder comes into view.
The endoplasm freezes you.
You are frozen.
Robin throws the goblin at you!
You see here a +0 club.
You hit the endoplasm.
You kill the endoplasm!
The goblin hits you but does no damage.
You closely miss the rat. The goblin hits you but does no damage.
The rat bites you. The goblin barely misses you.
The goblin hits you but does no damage. x2
The rat bites you but does no damage.
The goblin hits you but does no damage. x2
You closely miss the rat. The goblin hits you with a +0 club.
The goblin closely misses you. The goblin hits you but does no damage.
Robin throws the goblin at you! The rat closely misses you.
The goblin hits you but does no damage.
You sock the adder!
The adder is severely wounded.
The adder bites you but does no damage. The goblin hits you but does no damage.
A hobgoblin comes into view.
The goblin closely misses you. The goblin hits you but does no damage.
The rat bites you but does no damage. The goblin hits you with a +0 club.
You block the goblin's attack. The adder bites you but does no damage.
You closely miss the adder.
The adder is severely wounded.
The hobgoblin shouts!
The adder closely misses you. You block the goblin's attack.
The goblin hits you but does no damage. The goblin barely misses you.
The goblin hits you but does no damage. The goblin hits you with a +0 club.
The rat bites you. The goblin barely misses you.
The adder bites you but does no damage. The goblin hits you with a +0 dagger.
* * * LOW HITPOINT WARNING * * *
The goblin hits you but does no damage. You block the goblin's attack.
The goblin hits you but does no damage. The rat bites you.
* * * LOW HITPOINT WARNING * * *
The goblin hits you with a +0 dagger.
You die...

.... ### ... #.. ..
###...#.####.....
.....#.#.. ...>.
#...#.#.##.....
...gg........
#Srgg......##
#g@gg.......
#gggg..#...# #
#.g....+...+ .#
.#......#...# .#
.........$#...# ..#
..............####.#
............#....<..#
.....##.....#.......#
..... #######....)..#


You could see Robin, an adder, a hobgoblin (strong), 10 goblins and a rat.

Vanquished Creatures
  A dart slug (D:1)
  2 endoplasms
  A giant cockroach (D:1)
  2 goblins
  2 hobgoblins (D:1)
  2 jackals (D:1)
  A quokka (D:1)
  2 frilled lizards (D:1)
  7 kobolds
  4 rats (D:1)
24 creatures vanquished.

Notes
Turn   | Place    | Note
-------+----------+-------------------------------------------
     0 | D:1      | BigPumpCobain the Gargoyle Fighter began the quest for the
                  | Orb.
     0 | D:1      | Reached XP level 1. HP: 14/14 MP: 1/1
    56 | D:1      | Reached XP level 2. HP: 15/19 MP: 2/2
   298 | D:1      | Reached skill level 1 in Invocations
   426 | D:1      | Found a faded altar of an unknown god.
   510 | D:1      | Reached XP level 3. HP: 22/23 MP: 3/3
   587 | D:2      | Noticed Robin
   595 | D:2      | Slain by a goblin

Illustrated notes

Levels and vault maps discovered:
D:1:      orjb1_clovarrival, layout_rooms, shapermc_ecumenical_altar_mp_vishouse
D:2:      layout_basic, uniq_robin

Skill      XL: |  1  2 |
---------------+-------+-----
Invocations    | 1 |  1.1
Fighting       | |  3.4
Maces & Flails | |  2.5
Armour         | |  3.5
Shields        | |  3.5

Action                     || total
---------------------------++-------
  Melee: Flail             ||    65
 Armour: Scale mail        ||    66
  Dodge: Dodged            ||    30
  Block: Buckler           ||    12

Table legend: (Time is in decaauts)
 A = Elapsed time spent in this place.
 B = Non-inter-level travel time spent in this place.
 C = Inter-level travel time spent in this place.
 D = Time resting spent in this place.
 E = Time spent auto-exploring this place.
 F = Levels seen in this place.
 G = Mean time per level.
                   A        B        C        D        E       F      G
               +--------+--------+--------+--------+--------+-----+--------+
         Total |    630 |    599 |     31 |      0 |    438 |   2 |  315.0 |
       Dungeon |    630 |    599 |     31 |      0 |    438 |   2 |  315.0 |
               +--------+--------+--------+--------+--------+-----+--------+

Top non-repeatable levels by time:
     D:1: 594 daAuts
     D:2: 36 daAuts
